 Dungeon Crawl Stone Soup version 0.26-a0-610-g3e9335bbc7 (webtiles) character file.

Game seed: 2484115099609990369

404 Mitsuki the Covered (level 6, -1/56 HPs)
             Began as a Minotaur Fighter on Sept 4, 2020.
             Slain by an ice beast (7 damage)
             ... on level 4 of the Dungeon.
             The game lasted 00:05:36 (3320 turns).

Mitsuki the Covered (Minotaur Fighter)              Turns: 3320, Time: 00:05:36

Health: -1/56      AC:  7    Str: 19 (21) XL:     6   Next: 56%
Magic:  5/5        EV:  7    Int: 10 (12) God:
Gold:   193        SH:  9    Dex:  9 (10) Spells: 5/5 levels left

rFire    . . .     SeeInvis .   a - +0 long sword
rCold    . . .     Faith    .   c - +0 kite shield
rNeg     . . .     Spirit   .   w - +0 scale mail {rPois}
rPois    +         Reflect  .   (helmet restricted)
rElec    .         Harm     .   (no cloak)
rCorr    .                      (no gloves)
MR       .....                  (no boots)
Stlth    ..........             (no amulet)
HPRegen  0.18/turn              g - +6 ring of intelligence
MPRegen  0.09/turn              (no ring)

@: no status effects
A: retaliatory headbutt, horns 2
a: no special abilities


You were on level 4 of the Dungeon.
You visited 1 branch of the dungeon, and saw 4 of its levels.

You collected 193 gold pieces.

Inventory:

Hand Weapons
 a - a +0 long sword (weapon)
Armour
 c - a +0 kite shield (worn)
 w - a +0 scale mail of poison resistance (worn)
Jewellery
 g - a +6 ring of intelligence (left hand)
Scrolls
 e - 2 scrolls of amnesia {unknown}
 h - 6 scrolls of remove curse {unknown}
 i - 5 scrolls of identify {unknown}
 j - a scroll of immolation {unknown}
 l - a scroll of enchant armour {unknown}
 m - a scroll of teleportation {unknown}
 q - 2 scrolls of magic mapping {unknown}
 u - a scroll of fear {unknown}
 v - a scroll of noise {unknown}
Potions
 d - 2 potions of might
 f - a potion of curing {unknown}
 k - a potion of magic {unknown}
 n - a potion of resistance {unknown}
 o - 2 potions of heal wounds {unknown}
 p - 3 potions of degeneration
 r - a potion of lignification {unknown}
 s - a potion of haste {unknown}
 t - a potion of stabbing {unknown}


   Skills:
 + Level 5.4 Fighting
 + Level 4.7 Long Blades
 + Level 5.5 Armour
 + Level 5.4 Shields


You had 5 spell levels left.
You didn't know any spells.
Your spell library contained the following spells:

 Spells                   Type           Power        Failure   Level
 Confusing Touch          Hex            #.......     100%        3
 Gell's Gravitas          Tloc           #.........   100%        3
 Petrify                  Tmut/Erth      #.......     100%        4
 Metabolic Englaciation   Hex/Ice        #.........   100%        5
 Yara's Violent Unravell  Hex/Tmut       #.........   100%        5


Dungeon Overview and Level Annotations

Branches:
Dungeon (4/15)
 Temple: D:4-7

Altars:
Elyvilon
Vehumet


Innate Abilities, Weirdness & Mutations

You reflexively headbutt those who attack you in melee.
You have a pair of horns on your head.


Message History

You barely miss the ice beast. You headbutt the ice beast!
The ice beast is severely wounded.
The ice beast hits you. The ice beast freezes you!
You take 14 damage, and have 19/56 hp.
MASSIVE DAMAGE!!
You are too injured to fight recklessly!
You are too injured to fight recklessly!
You hit the ice beast.
The ice beast is severely wounded.
You block the ice beast's attack. The ice beast hits you.
* * * LOW HITPOINT WARNING * * *
The ice beast freezes you!
* * * LOW HITPOINT WARNING * * *
You take 12 damage, and have 7/56 hp.
MASSIVE DAMAGE!!
It was a potion of degeneration.
There was something very wrong with that liquid.
You feel weakened.
You feel dopey.
You feel clumsy. The ice beast hits you.
* * * LOW HITPOINT WARNING * * *
The ice beast freezes you!
You die...

## .# .# .# .#
.########################.
>.........................
....[...........@Y........
†#.###############......#.
.#.# #.####.# .#.# #.#
...# #.. ######### #..
##....... .... ........
..## ......#


You could see an ice beast.

Vanquished Creatures
  A sky beast (D:2)
  An ogre (D:4)
  A worker ant (D:4)
  4 gnolls
  9 adders
  An ooze (D:2)
  3 worms
  2 dart slugs
  A leopard gecko (D:2)
  5 orcs (D:3)
  6 giant cockroaches
  6 goblins
  8 hobgoblins
  5 jackals
  4 kobolds
  A quokka (D:2)
  3 bats
  A frilled lizard (D:2)
  A leopard gecko skeleton (D:4)
  10 rats
73 creatures vanquished.

Vanquished Creatures (others)
  A hobgoblin (D:3)
1 creature vanquished.

Grand Total: 74 creatures vanquished

Notes
Turn   | Place    | Note
-------+----------+-------------------------------------------
     0 | D:1      | Mitsuki the Minotaur Fighter began the quest for the Orb.
     0 | D:1      | Reached XP level 1. HP: 19/19 MP: 0/0
    75 | D:1      | Reached XP level 2. HP: 15/27 MP: 1/1
   412 | D:1      | Reached XP level 3. HP: 33/33 MP: 2/2
  1293 | D:2      | Reached XP level 4. HP: 35/41 MP: 3/3
  1385 | D:2      | Noticed a sky beast
  1404 | D:2      | Killed a sky beast
  1404 | D:2      | Reached XP level 5. HP: 29/47 MP: 4/4
  1958 | D:3      | Reached skill level 5 in Armour
  1984 | D:3      | Reached skill level 5 in Fighting
  2121 | D:3      | Reached skill level 5 in Shields
  2429 | D:3      | Reached XP level 6. HP: 56/56 MP: 5/5
  2493 | D:3      | Found a radiant altar of Vehumet.
  3141 | D:4      | Found a white marble altar of Elyvilon.
  3306 | D:4      | Noticed an ice beast
  3320 | D:4      | Slain by an ice beast

Illustrated notes

Levels and vault maps discovered:
D:1:      dpeg_arrival_brainrot, layout_basic, minmay_worlds_worst_comb
D:2:      layout_basic
D:3:      layout_basic, fiery_altar_vehumet
D:4:      layout_basic, yredelemnul_forgotten_temple_becter, old_standard_altar,
          ebering_ghost_gozag, minmay_mini_ossuary

Skill      XL: |  1  2  3  4  5 |
---------------+----------------+-----
Fighting       | 4 5 |  5.4
Armour         | 4 5 |  5.5
Shields        | 4 5 |  5.4
Long Blades    | 3 4 |  4.7

Action                   |  1- 3 |  4- 6 || total
-------------------------+-------+-------++-------
Melee: Long sword        |    86 |   127 ||   213
       Headbutt          |    10 |    26 ||    36
  Use: Potion            |       |     1 ||     1
Armor: Scale mail        |    41 |    51 ||    92
Dodge: Dodged            |    19 |    46 ||    65
Block: Kite shield       |    36 |    69 ||   105
       Rpst.: Long sword |     6 |    13 ||    19

Table legend: (Time is in decaauts)
 A = Elapsed time spent in this place.
 B = Non-inter-level travel time spent in this place.
 C = Inter-level travel time spent in this place.
 D = Time resting spent in this place.
 E = Time spent auto-exploring this place.
 F = Levels seen in this place.
 G = Mean time per level.
                   A        B        C        D        E       F      G
               +--------+--------+--------+--------+--------+-----+--------+
         Total |   3380 |   3293 |     87 |      0 |   2804 |   4 |  845.0 |
       Dungeon |   3380 |   3293 |     87 |      0 |   2804 |   4 |  845.0 |
               +--------+--------+--------+--------+--------+-----+--------+

Top non-repeatable levels by time:
     D:2: 1084 daAuts
     D:3: 887 daAuts
     D:1: 836 daAuts
     D:4: 571 daAuts
